 Dungeon Crawl Stone Soup version 0.21-a0-351-g38363bb (webtiles) character file.

49 CanOfBees the Skirmisher (level 3, 0/34 HPs)
             Began as a Minotaur Fighter on Oct 9, 2017.
             Slain by Crazy Yiuf
             ... wielding a +2 quarterstaff of chaos
              (12 damage)
             ... on level 2 of the Dungeon on Oct 10, 2017.
             The game lasted 00:01:37 (743 turns).

CanOfBees the Skirmisher (Minotaur Fighter)          Turns: 743, Time: 00:01:38

Health: 0/34       AC:  6    Str: 21    XL:     3   Next: 53%
Magic:  2/2        EV:  8    Int:  5    God:
Gold:   41         SH:  9    Dex:  9    Spells: 2/2 levels left

rFire    . . .     SeeInvis .   a - +0 war axe
rCold    . . .     Gourm    .   c - +0 shield
rNeg     . . .     Faith    .   b - +0 scale mail
rPois    .         Spirit   .   (helmet restricted)
rElec    .         Reflect  .   (no cloak)
rCorr    .         Harm     .   (no gloves)
MR       .....                  (no boots)
Stlth    ..........             n - amulet of regeneration
HPRegen  0.51/turn              (no ring)
MPRegen  0.08/turn              (no ring)

@: no status effects
A: retaliatory headbutt, horns 2
a: no special abilities


You were on level 2 of the Dungeon.
You were not hungry.

You visited 1 branch of the dungeon, and saw 2 of its levels.

You collected 41 gold pieces.

Inventory:

Hand Weapons
 a - a +0 war axe (weapon)
 s - a +2 hunting sling of freezing
 w - a cursed -1 mace
Armour
 b - a +0 scale mail (worn)
 c - a +0 shield (worn)
Jewellery
 n - an amulet of regeneration (around neck)
Scrolls
 e - a scroll of identify {unknown}
 g - a scroll of recharging {unknown}
 j - 2 scrolls of teleportation {unknown}
 l - a scroll of magic mapping {unknown}
 m - a scroll of immolation {unknown}
 u - a scroll of random uselessness {unknown}
Potions
 d - a potion of might
 h - a potion of heal wounds {unknown}
 i - a potion of lignification {unknown}
 k - a potion of resistance {unknown}
 o - a potion of curing {unknown}
 p - a potion of magic {unknown}
 t - a potion of cancellation {unknown}
 v - 2 potions of degeneration {unknown}
Comestibles
 f - a bread ration
 q - 3 chunks of flesh
 r - a royal jelly


   Skills:
 + Level 4.4 Fighting
 + Level 3.3 Axes
 - Level 3.6 Armour
 + Level 1.8 Dodging
 - Level 3.6 Shields


You had 2 spell levels left.
You didn't know any spells.

Dungeon Overview and Level Annotations

Branches:
Dungeon (2/15)

Altars:

Annotations:
D:2 Crazy Yiuf


Innate Abilities, Weirdness & Mutations

You reflexively headbutt those who attack you in melee.
You have a pair of horns on your head.


Message History

You open the door.
Crazy Yiuf the Enlightened comes into view.
He is wielding a quarterstaff of chaos.
Crazy Yiuf shouts!
Crazy Yiuf says, "Crazy?
Crazy!?
PORCUPINE!"
Found a mace.
Crazy Yiuf drinks a potion.
Crazy Yiuf goes berserk!
There is an open door here.
Crazy Yiuf hits you with a quarterstaff of chaos.
Crazy Yiuf freezes you.
You slash Crazy Yiuf!
Crazy Yiuf is moderately wounded.
Crazy Yiuf hits you with a quarterstaff of chaos.
Crazy Yiuf draws strength from your wounds!
Crazy Yiuf hits you with a quarterstaff of chaos!
Crazy Yiuf burns you.
You closely miss Crazy Yiuf. Your headbutt misses Crazy Yiuf.
Crazy Yiuf is lightly wounded.
You block Crazy Yiuf's attack.
Crazy Yiuf hits you with a quarterstaff of chaos!
You die...

###.# # #.# ###.##
##.>.## #.....#
......##♣♣♣♣♣
......#...♣.♣♣♣#####
........)..♣..♣#...#
..........♣♣♣♣.'@g.#
...#.)#))♣♣ ♣♣#..)#
......##♣♣ #####
......# ......#
#.....# #...$...
##.###### #.#


You could see Crazy Yiuf (berserk).

Vanquished Creatures
  An adder (D:2)
  An ooze (D:1)
  A dart slug (D:1)
  A leopard gecko (D:2)
  A giant cockroach (D:2)
  7 goblins
  A hobgoblin (D:1)
  4 jackals (D:1)
  A quokka (D:2)
  5 bats
  A frilled lizard (D:2)
  3 kobolds (D:1)
  4 rats
31 creatures vanquished.

Notes
Turn   | Place    | Note
-------+----------+-------------------------------------------
     0 | D:1      | CanOfBees the Minotaur Fighter began the quest for the Orb.
     0 | D:1      | Reached XP level 1. HP: 19/19 MP: 0/0
    81 | D:1      | Reached XP level 2. HP: 25/27 MP: 1/1
   120 | D:1      | Reached skill level 4 in Fighting
   120 | D:1      | Reached skill level 1 in Dodging
   351 | D:1      | Reached XP level 3. HP: 32/33 MP: 2/2
   735 | D:2      | Found a runed door.
   739 | D:2      | Noticed Crazy Yiuf
   743 | D:2      | Slain by Crazy Yiuf

Vault maps used:
D:1:      minmay_arrival_split_and_join
D:2:      uniq_robin, uniq_crazy_yiuf_cottage, uniq_natasha

Skill      XL: |  1  2 |
---------------+-------+-----
Fighting       | 4 |  4.4
Dodging        | 1 |  1.8
Axes           | 3 |  3.3
Armour         | |  3.6
Shields        | |  3.6

Action                   || total
-------------------------++-------
Melee: War axe           ||    56
       Headbutt          ||    13
Armor: Scale mail        ||    39
Dodge: Dodged            ||    43
Block: Shield            ||    38

Table legend:
 A = Spawn XP
 B = Non-spawn XP
 C = Spawn XP percentage of total XP
 D = Spawn monster count
 E = Non-spawn monster count
 F = Spawn count percentage of total count
 G = Total turns spent on level
                    A         B        C        D         E        F      G
               +---------+---------+-------+---------+---------+-------+---------
         Total |       0 |      71 |   0.0 |       0 |      31 |   0.0 |   743
               +---------+---------+-------+---------+---------+-------+---------
           D:1 |       0 |      45 |   0.0 |       0 |      22 |   0.0 |   620
           D:2 |       0 |      26 |   0.0 |       0 |       9 |   0.0 |   123
               +---------+---------+-------+---------+---------+-------+---------
